Map: Alcyone LE

Players

Subwayeatn

  • Race: Zerg Zerg
  • League: Platinum
  • Spawn Location: 7:00

huge - Winner!

  • Race: Terran Terran
  • Spawn Location: 1:00

VOD

Have the link to the VOD?

Description

Time

  • Played on: Nov. 3, 2023, 6:53 p.m.
  • Length: 15:39
Show
View Real Time Build Order
Export as new Build Order

Subwayeatn Zerg 

Build Orders: Hatch First 

Get SALT Encoding   

  12  0:00  Drone  
  13  0:12  Overlord  
  13  0:22  Drone  
  14  0:30  Drone x2  
  16  0:49  Hatchery  
  15  0:53  Drone  
  15  0:56  Drone  
  17  0:59  Drone  
  17  1:03  Extractor  
  17  1:16  Spawning Pool  
  16  1:21  Drone  
  16  1:22  Drone  
  18  1:30  Drone  
  19  1:38  Drone  
  20  2:04  Queen x2  
  20  2:05  Metabolic Boost  
  20  2:07  Zergling x2  
  25  2:10  Zergling x2  
  25  2:14  Zergling x2  
  27  2:20  Overlord  
  26  2:51  Drone x6  
  32  3:04  Zergling x4  
  33  3:11  Queen  
  35  3:14  Overlord  
  35  3:21  Overlord  
  35  3:38  Drone x5  
  35  3:39  Drone x2  
  42  3:50  Pneumatized Carapace  
  42  3:56  Overlord  
  42  4:04  Hatchery  
  42  4:05  Drone x5, Baneling Nest  
  42  4:09  Extractor  
  44  4:11  Drone  
  44  4:14  Queen  
  47  4:17  Drone  
  48  4:25  Drone x7  
  55  4:37  Overlord  
  55  4:40  Overlord  
  55  4:58  Extractor  
  55  4:59  Drone x6, Extractor  
  59  5:07  Evolution Chamber  
  59  5:09  Spine Crawler  
  59  5:11  Evolution Chamber  
  59  5:12  Zergling x2  
  59  5:13  Zergling x6  
  59  5:17  Queen  
  59  5:18  Queen  
  65  5:33  Zerg Melee Weapons Level 1  
  65  5:35  Hatchery  
  65  5:40  Drone x4  
  67  5:53  Zergling x4  
  67  5:54  Zergling x8  
  72  6:01  Baneling  
  72  6:02  Baneling x9  
  72  6:08  Lair  
  72  6:18  Zerg Missile Weapons Level 1  
  67  6:31  Zergling x2  
  67  6:32  Zergling x14  
  62  6:39  Zergling x4  
  64  6:46  Zergling x12  
  68  6:50  Baneling  
  68  6:51  Baneling x15  
  68  6:53  Zergling x6  
  71  6:58  Baneling x2  
  70  7:16  Zergling x2  
  70  7:17  Zergling x20  
  70  7:19  Spore Crawler  
  80  7:23  Spore Crawler  
  80  7:25  Spore Crawler  
  80  7:27  Hydralisk Den  
  52  7:53  Queen  
  54  8:13  Hydralisk  
  54  8:14  Hydralisk x12  
  54  8:18  Zerg Missile Weapons Level 2  
  54  8:19  Zerg Melee Weapons Level 2  
  80  8:21  Grooved Spines  
  80  8:25  Drone  
  79  8:43  Infestation Pit  
  70  8:51  Drone x5  
  70  8:52  Drone x5  
  80  9:03  Overlord x2  
  80  9:06  Overseer  
  80  9:08  Baneling  
  80  9:09  Baneling x8  
  80  9:11  Zergling x2  
  80  9:12  Muscular Augments  
  80  9:15  Extractor x2  
  80  9:16  Queen, Hatchery  
  78  9:20  Queen  
  78  9:21  Zergling x2  
  84  9:24  Drone x5  
  84  9:25  Drone  
  89  9:31  Overseer  
  89  9:33  Overlord  
  89  9:34  Overlord  
  89  9:36  Overlord  
  89  9:44  Overseer  
  89  9:45  Overseer  
  88  9:54  Hive  
  88  9:58  Hydralisk  
  88  9:59  Hydralisk x5  
  100  10:12  Overseer  
  100  10:15  Zergling x2  
  101  10:22  Drone  
  101  10:24  Drone x3  
  101  10:26  Drone x7  
  110  10:42  Zergling x2  
  111  10:43  Zergling x14  
  111  10:46  Centrifugal Hooks  
  111  10:48  Zerg Ground Armor Level 1  
  113  10:54  Overlord x3  
  113  11:02  Zergling x12  
  119  11:12  Zergling x14  
  126  11:19  Zergling x4  
  103  11:40  Zergling x14  
  103  11:41  Zergling x6  
  104  11:59  Zergling x2  
  104  12:00  Zergling x14  
  104  12:02  Baneling  
  104  12:03  Baneling x13  
  104  12:06  Baneling  
  104  12:07  Baneling x5  
  104  12:16  Zergling x2  
  104  12:17  Zergling x10  
  104  12:22  Hatchery  
  100  12:25  Unknown  
  88  12:30  Zergling x2  
  88  12:31  Zergling x12  
  87  12:55  Zergling x2  
  87  12:56  Zergling x20  
  88  13:07  Zergling x10  
  82  13:17  Baneling  
  82  13:18  Baneling x16  
  82  13:19  Baneling x5  
  82  13:30  Drone x3, Ultralisk Cavern  
  82  13:32  Drone x3  
  82  13:33  Queen  
  89  13:37  Queen  
  89  13:38  Queen x2  
  89  13:39  Hatchery  
  92  13:49  Zergling x2  
  92  13:50  Zergling x26  
  102  14:01  Drone x2  
  101  14:14  Queen  
  103  14:26  Extractor  
  103  14:27  Ultralisk x2  
  103  14:30  Extractor  
  103  14:31  Overlord  
  113  14:35  Zergling x2  
  113  14:36  Zergling x8  
  101  14:53  Ultralisk  
  101  14:54  Ultralisk  
  113  15:00  Drone x6  
  113  15:03  Spine Crawler  
  118  15:08  Overseer  
  118  15:12  Drone x5  
  118  15:13  Drone x2  
Show
View Real Time Build Order
Export as new Build Order

huge Terran - Winner!

Build Orders: Reaper Expand 

Get SALT Encoding   

  12  0:00  SCV  
  13  0:12  SCV  
  14  0:17  Supply Depot  
  14  0:24  SCV  
  15  0:39  SCV  
  15  0:41  Barracks  
  16  0:44  Refinery  
  16  0:51  SCV  
  17  1:03  SCV  
  18  1:15  SCV  
  19  1:28  Orbital Command  
  19  1:30  Reaper  
  20  1:40  Command Center  
  20  1:49  Supply Depot  
  20  1:53  SCV  
  21  1:57  Refinery  
  21  2:02  Barracks Reactor  
  21  2:06  SCV  
  22  2:10  Supply Depot  
  22  2:18  SCV  
  23  2:24  Factory  
  23  2:30  SCV  
  24  2:37  Marine  
  24  2:38  Marine  
  24  2:42  SCV  
  27  2:53  Orbital Command  
  27  2:54  SCV  
  28  3:06  SCV  
  29  3:16  Starport  
  29  3:18  Barracks Reactor, Hellion x2, SCV  
  34  3:23  Supply Depot, SCV  
  35  3:30  SCV  
  36  3:35  SCV  
  37  3:42  Hellion x2  
  37  3:48  SCV  
  41  3:49  SCV  
  41  3:51  Supply Depot  
  42  4:00  SCV  
  42  4:01  SCV  
  44  4:03  Hellion  
  44  4:04  Hellion  
  44  4:06  Liberator, Refinery  
  44  4:07  Medivac  
  53  4:11  Armory  
  53  4:12  Barracks Tech Lab  
  53  4:14  SCV  
  54  4:17  SCV  
  54  4:20  Supply Depot  
  55  4:26  Hellion  
  55  4:27  SCV  
  55  4:29  Hellion  
  55  4:30  SCV  
  61  4:37  Marine  
  62  4:38  Stimpack  
  62  4:39  SCV  
  62  4:42  Liberator  
  66  4:48  Supply Depot  
  66  4:49  Hellion  
  66  4:51  Hellion  
  70  4:56  SCV  
  70  4:57  Marine, SCV  
  70  4:59  Medivac  
  75  5:06  Supply Depot  
  75  5:08  SCV, Supply Depot  
  76  5:17  Marine, SCV  
  76  5:20  SCV  
  79  5:24  Liberator  
  82  5:31  Command Center  
  82  5:32  Hellion, Refinery  
  82  5:34  Hellion  
  86  5:36  SCV x2  
  88  5:42  Marine  
  88  5:44  Medivac  
  88  5:48  SCV x2  
  93  5:58  Supply Depot  
  93  5:59  Hellion x2  
  93  6:00  Marine, SCV  
  99  6:06  Barracks  
  99  6:09  Barracks, SCV  
  99  6:11  Engineering Bay  
  100  6:12  SCV  
  100  6:18  Combat Shield, Marine  
  89  6:33  SCV x2  
  89  6:38  Hellion x2, Marine  
  89  6:39  Medivac x2, Supply Depot  
  96  6:46  SCV x2  
  99  6:54  Command Center  
  98  6:58  SCV  
  98  6:59  SCV  
  98  7:00  Barracks Reactor x2  
  98  7:01  Marine  
  100  7:04  Widow Mine x2  
  100  7:07  Supply Depot  
  105  7:09  Medivac  
  105  7:11  Orbital Command  
  107  7:17  Engineering Bay  
  107  7:19  SCV x2  
  109  7:25  Marine  
  109  7:29  Widow Mine  
  112  7:30  Medivac, Widow Mine  
  112  7:31  SCV x2  
  112  7:35  Supply Depot  
  118  7:43  SCV, Marine x3  
  118  7:44  Marine x2  
  97  7:54  Widow Mine x2  
  97  7:58  SCV x3  
  103  8:01  Marine x2  
  103  8:02  Marine x3  
  108  8:16  Barracks, Terran Infantry Weapons Level 1  
  108  8:17  Terran Infantry Armor Level 1  
  108  8:18  Barracks x2  
  108  8:19  Marine x2  
  110  8:20  Marine  
  110  8:24  SCV x3  
  114  8:27  Barracks, Factory Tech Lab  
  114  8:30  Refinery x2  
  114  8:38  SCV x3  
  114  8:39  Medivac x2  
  121  8:43  Missile Turret  
  121  8:48  Supply Depot  
  115  8:54  Command Center  
  115  8:59  Marine x4  
  115  9:00  Marauder  
  123  9:03  Siege Tank  
  123  9:06  Terran Ship Weapons Level 1  
  124  9:12  Planetary Fortress  
  124  9:15  SCV x3  
  124  9:16  Barracks Tech Lab, Marine x2  
  124  9:17  Barracks Reactor, Barracks Tech Lab, Marine  
  129  9:18  Marine x2  
  129  9:21  Marauder  
  129  9:23  Marine  
  135  9:25  Liberator  
  135  9:28  Liberator  
  141  9:31  Refinery  
  141  9:33  Marine, SCV x2, Refinery  
  141  9:34  SCV  
  145  9:42  Missile Turret, Marauder  
  145  9:45  Marine, SCV x2  
  149  9:46  SCV, Marine x4  
  149  9:47  Marauder  
  149  9:48  Marine  
  149  9:51  Marine  
  159  9:53  Siege Tank  
  159  9:58  Marine x2  
  164  10:03  Marine  
  164  10:05  Fusion Core  
  164  10:06  Marauder  
  167  10:09  Command Center  
  167  10:12  Marine x4  
  171  10:22  Marine  
  171  10:23  Marauder, Marine x4  
  171  10:26  Terran Infantry Weapons Level 2  
  171  10:28  Marauder  
  180  10:29  Marine  
  180  10:30  Terran Infantry Armor Level 2  
  180  10:33  Siege Tank  
  182  10:56  Starport  
  182  10:57  Advanced Ballistics  
  182  10:59  Starport  
  182  11:00  Terran Ship Weapons Level 2, Armory  
  182  11:05  Siege Tank  
  182  11:06  Planetary Fortress  
  182  11:10  Refinery  
  185  11:12  Refinery  
  185  11:38  Marine x4  
  185  11:39  Marauder x3, Marine x3  
  171  11:51  Terran Vehicle And Ship Armor Level 1  
  171  11:58  Command Center  
  171  12:00  Marauder x2  
  169  12:05  Starport Tech Lab x2  
  169  12:11  Starport  
  169  12:12  Starport  
  169  12:14  Starport x2  
  165  12:25  Battlecruiser x2  
  163  12:35  Marine x2  
  163  12:36  Marine  
  150  12:44  Weapon Refit  
  150  12:45  Terran Infantry Weapons Level 3  
  150  12:47  Terran Infantry Armor Level 3  
  150  12:51  Starport Tech Lab x4  
  143  13:15  Command Center  
  143  13:18  Battlecruiser x2  
  155  13:26  Planetary Fortress  
  155  13:27  Refinery  
  155  13:28  Refinery  
  155  13:29  Battlecruiser x2  
  167  13:35  Battlecruiser  
  173  13:46  Battlecruiser  
  173  14:22  Battlecruiser  
  173  14:23  Planetary Fortress  
  179  14:32  Battlecruiser  
  187  15:01  Orbital Command  
  187  15:06  Missile Turret  
  193  15:17  Unknown  
Tags
 
Add a new tag
Caveats
  • Supply blocks, unpowered buildings, or Contaminate may cause inaccurate times.
  • Supply counts are checked every 10 seconds.